 Dungeon Crawl Stone Soup version 0.26-a0-466-g989023bd0d (webtiles) character file.

Game seed: 1621940586559514142

10493 Apogee the Severer (level 11, -2/101 HPs)
             Began as a Hill Orc Monk on Aug 6, 2020.
             Was an Elder of Beogh.
             Killed from afar by a gargoyle (20 damage)
             ... with a stone arrow
             ... on level 9 of the Dungeon.
             The game lasted 00:24:25 (15985 turns).

Apogee the Severer (Hill Orc Monk)                 Turns: 15985, Time: 00:24:26

Health: -2/101     AC: 15    Str: 18    XL:     11   Next: 63%
Magic:  11/11      EV:  7    Int: 10    God:    Beogh [****..]
Gold:   793        SH:  0    Dex: 13    Spells: 10/10 levels left

rFire    . . .     SeeInvis .   a - +1 hand axe
rCold    . . .     Faith    .   o - +1 buckler
rNeg     . . .     Spirit   .   s - +0 plate armour
rPois    .         Reflect  +   (no helmet)
rElec    .         Harm     .   (no cloak)
rCorr    .                      l - +0 pair of gloves
MR       .....                  (no boots)
Stlth    ..........             I - amulet of reflection
HPRegen  0.26/turn              (no ring)
MPRegen  0.12/turn              i - ring of wizardry

@: confused
A: no striking features
a: Smiting, Recall Orcish Followers, Renounce Religion


You were on level 9 of the Dungeon.
You worshipped Beogh.
Beogh was greatly pleased with you.
You visited 1 branch of the dungeon, and saw 12 of its levels.

You collected 793 gold pieces.

Inventory:

Hand Weapons
 a - a +1 hand axe (weapon)
Armour
 b - a +0 robe
 j - a +0 ring mail
   (You found it on level 1 of the Dungeon)
 l - a +0 pair of gloves (worn)
   (You found it on level 2 of the Dungeon)
 o - a +1 buckler (worn)
   (You found it on level 2 of the Dungeon)
 s - a +0 plate armour (worn)
   (You found it on level 8 of the Dungeon)
 x - a scarf of repulsion
   (You found it on level 4 of the Dungeon)
 y - a +0 chain mail
   (You found it on level 4 of the Dungeon)
Jewellery
 i - a ring of wizardry (right hand)
   (You found it on level 1 of the Dungeon)
 t - an uncursed ring of flight
   (You took it off an orc on level 3 of the Dungeon)
 C - an uncursed amulet of regeneration {unknown}
   (You found it on level 11 of the Dungeon)
 F - an uncursed ring of resist corrosion {unknown}
   (You found it on level 10 of the Dungeon)
 I - an amulet of reflection (around neck)
   (You found it on level 10 of the Dungeon)
Wands
 v - a wand of digging (2)
   (You took it off Ijyb on level 5 of the Dungeon)
 w - a wand of enslavement (1)
   (You took it off Erica on level 7 of the Dungeon)
Scrolls
 c - 3 scrolls of teleportation {@r4}
 d - a scroll of identify {@r1}
 g - a scroll of blinking {unknown}
 m - 2 scrolls of noise {unknown}
 q - 5 scrolls of remove curse {@r2}
 z - 4 scrolls of fog {unknown}
 A - 2 scrolls of magic mapping {unknown}
 D - a scroll of summoning {unknown}
 E - a scroll of silence {unknown}
 G - a scroll of immolation {unknown}
 H - a scroll of brand weapon {unknown}
Potions
 e - a potion of berserk rage
 f - 5 potions of curing {@q1}
 h - a potion of haste {@q3}
 k - 5 potions of resistance
 n - 2 potions of invisibility
 p - a potion of flight
 u - 3 potions of brilliance
 B - a potion of cancellation


   Skills:
 + Level 10.9 Fighting
 * Level 15.5 Axes
 + Level 9.4 Armour
 - Level 2.4 Dodging
 - Level 2.0 Stealth
 - Level 5.0 Shields


You had 10 spell levels left.
You didn't know any spells.
Your spell library contained the following spells:

 Spells                   Type           Power        Failure   Level
 Corona                   Hex            #......      96%         1
 Ensorcelled Hibernation  Hex/Ice        #.....       99%         2
 Confusing Touch          Hex            #.......     100%        3
 Dazzling Flash           Conj/Hex       #.....       100%        3
 Tukima's Dance           Hex            #.......     100%        3


Dungeon Overview and Level Annotations

Branches:
Dungeon (12/15)            Temple (0/1) D:7            Lair (0/6) D:9
    Orc: D:9-12

Altars:
Ashenzari
Cheibriados
Dithmenos
Gozag
Hepliaklqana
Makhleb
Nemelex Xobeh
Okawaru
Sif Muna
Vehumet
Wu Jian
Xom
Yredelemnul
Zin
The Shining One

Shops:
D:4 *   D:5 [

Annotations:
D:7 exclusion: 3 doors


Message History

The jackal dies!
Beogh accepts your kill. You block the jackal's attack.
Unknown command.
You slash the jackal!
You kill the jackal!
Beogh accepts your kill.
Okay, then.
As you read the scroll of identify {@r1}, it crumbles to dust.
r - a potion of ambrosia Your orc warrior no longer looks unusually strong.
The jackal bites your orc knight but does no damage.
As you read the scroll of identify {@r1}, it crumbles to dust.
p - a potion of flight The jackal bites your orc knight.
The gargoyle closely misses your orc warrior.
Your orc warrior hits the gargoyle with a +0 flail.
As you read the scroll of identify {@r1}, it crumbles to dust.
e - a potion of berserk rage The jackal barely misses your orc knight.
Your orc knight roars a battlecry!
Your orc warrior goes into a battle-frenzy!
The jackal bites your orc knight but does no damage.
The gargoyle hits your orc warrior with a +0 morningstar!
Your orc warrior hits the gargoyle with a +0 flail!
Your orc knight splashes around in the water.
The jackal bites your orc knight.
You see here an orc corpse.
The jackal bites your orc knight but does no damage.
The gargoyle hits your orc warrior with a +0 morningstar!!
Your orc warrior dies!
Your orc knight hits the jackal with a +0 battleaxe!!
The jackal dies!
Beogh accepts your kill.
Things that are here:
a +0 club; a +0 leather armour; a yak corpse You see here an orc corpse.
The gargoyle hurls a stone arrow at you.
The stone arrow hits you!
* * * LOW HITPOINT WARNING * * *
The gargoyle hurls a stone arrow at you.
The stone arrow hits you!
* * * LOW HITPOINT WARNING * * *
You feel better.
You are confused.
You feel invigorated.
Your orc knight barely misses the gargoyle.
The gargoyle hurls a stone arrow at you.
The stone arrow hits you!!
You die...

....≈≈≈≈≈≈≈≈ #
....≈≈≈≈.≈.
#.#.≈≈≈≈≈≈≈.....
#.#...≈≈≈≈..>....
...≈≈≈.≈≈≈...≈≈≈
#....≈≈≈..≈(..≈
#...≈≈≈≈≈≈..≈≈≈ #.#
#.†@.≈≈≈≈≈≈≈≈≈≈ #...
#....≈..≈≈≈.≈≈.
#....##9o≈)†..≈.≈≈...
......))[........≈...
.......††###..######## #
..[....#.).............#.
#....####†....#########.#
#...) #.###.# #.# #.#.
#.# #.# ######.#


You could see a gargoyle and a friendly orc knight.

Vanquished Creatures
  Erica (D:7)
  The ghost of Viwexu the Cleaver, a novice DDFi of Makhleb (D:9)
  A two-headed ogre (D:10)
  2 unseen horrors
  A centaur skeleton (D:10)
  A hornet (D:8)
  Prince Ribbit (D:7)
  3 hippogriffs
  2 wyverns
  8 yaks
  Eustachio (D:5)
  A water moccasin (D:7)
  2 ice beasts
  2 orc warriors
  An eye of draining (D:11)
  A sky beast (D:10)
  A phantom (D:5)
  A wolf (D:9)
  2 centaurs
  2 big kobolds
  5 bullfrogs
  3 scorpions
  A wyvern skeleton (D:11)
  6 killer bees
  An electric eel (D:7)
  4 wights (D:11)
  7 howler monkeys
  A bullfrog zombie (D:7)
  8 hounds
  An orc priest (D:5)
  4 jellies
  Jessica (D:3)
  Ijyb (D:5)
  Terence (D:3)
  5 iguanas
  4 orc wizards
  4 worker ants
  A hound zombie (D:5)
  A hound skeleton (D:5)
  A howler monkey skeleton (D:6)
  A worker ant zombie (D:6)
  2 gnolls (D:7)
  8 adders
  9 river rats (D:5)
  3 white imps
  An ufetubus (D:8)
  An ooze (D:1)
  3 adder skeletons
  A worm (D:3)
  6 dart slugs
  4 leopard geckos
  19 orcs
  6 giant cockroaches
  10 hobgoblins
  4 jackals
  8 quokkas
  8 bats
  4 frilled lizards
  7 goblins
  17 kobolds
  A leopard gecko zombie (D:7)
  A quokka skeleton (D:8)
  21 rats
240 creatures vanquished.

Vanquished Creatures (collateral kills)
  A two-headed ogre (D:11)
  An ugly thing (D:11)
  A troll (D:9)
  2 yaks (D:9)
  A wyvern (D:11)
  A wolf (D:9)
  A bullfrog (D:7)
  2 scorpions
  An electric eel (D:9)
  2 howler monkeys
  A wight (D:11)
  An orc priest (D:11)
  3 hounds (D:9)
  An iguana (D:9)
  A hound skeleton (D:9)
  2 gnolls (D:7)
  2 leopard geckos
  3 orcs
  2 jackals (D:9)
  2 quokka skeletons
31 creatures vanquished.

Vanquished Creatures (others)
  2 orc warriors
  An orc priest (D:7)
  An orc wizard (D:9)
  8 orcs
  8 bushes (D:11)
20 creatures vanquished.

Grand Total: 291 creatures vanquished

Notes
Turn   | Place    | Note
-------+----------+-------------------------------------------
     0 | D:1      | Apogee the Hill Orc Monk began the quest for the Orb.
     0 | D:1      | Reached XP level 1. HP: 19/19 MP: 1/1
   325 | D:1      | Reached XP level 2. HP: 26/27 MP: 2/2
   670 | D:1      | Reached skill level 1 in Armour
   681 | D:1      | Reached XP level 3. HP: 31/33 MP: 3/3
  1405 | D:1      | Reached skill level 5 in Axes
  1864 | D:2      | Reached XP level 4. HP: 40/40 MP: 4/4
  1936 | D:2      | Found a hazy altar of Hepliaklqana.
  1936 | D:2      | Found a faded altar of an unknown god.
  1941 | D:2      | Found a faded altar of an unknown god.
  1960 | D:2      | Found an opulent altar of Gozag.
  1961 | D:2      | Found a basalt altar of Yredelemnul.
  2424 | D:2      | Found an ornate altar of the Wu Jian Council.
  2515 | D:2      | Found a faded altar of an unknown god.
  2562 | D:2      | Found a burning altar of Makhleb.
  2680 | D:2      | Found a radiant altar of Vehumet.
  2686 | D:2      | Reached XP level 5. HP: 42/47 MP: 5/5
  2791 | D:2      | Reached skill level 1 in Shields
  2956 | D:3      | Noticed Terence
  2993 | D:3      | Killed Terence
  2993 | D:3      | Reached skill level 6 in Axes
  3096 | D:3      | Noticed Jessica
  3102 | D:3      | Killed Jessica
  3638 | D:3      | Reached XP level 6. HP: 43/55 MP: 6/6
  3706 | D:3      | Found a shimmering blue altar of Sif Muna.
  4252 | D:4      | Reached skill level 5 in Fighting
  4484 | D:4      | Found Diacha Alumi's Assorted Antiques.
  4626 | D:4      | Became a worshipper of Beogh the Brigand
  4626 | D:4      | Reached * piety under Beogh
  4626 | D:4      | Reached ** piety under Beogh
  4661 | D:4      | Reached skill level 7 in Axes
  4937 | D:5      | Entered Level 5 of the Dungeon
  4955 | D:5      | Reached XP level 7. HP: 51/61 MP: 7/7
  4971 | D:5      | Noticed Ijyb
  4993 | D:5      | Killed Ijyb
  5202 | D:5      | Found Ragra's Antique Armour Shoppe.
  5228 | D:5      | Found a glowing golden altar of the Shining One.
  5246 | D:5      | Noticed Eustachio
  5277 | D:5      | Killed Eustachio
  5277 | D:5      | Reached skill level 8 in Axes
  5746 | D:5      | Reached XP level 8. HP: 50/70 MP: 8/8
  6920 | D:6      | Found an iron altar of Okawaru.
  6957 | D:6      | Reached skill level 9 in Axes
  7044 | D:6      | Found a snail-covered altar of Cheibriados.
  7957 | D:7      | Reached *** piety under Beogh
  7969 | D:7      | Reached skill level 5 in Armour
  8259 | D:7      | Reached skill level 10 in Axes
  8259 | D:7      | Reached XP level 9. HP: 55/79 MP: 9/9
  8574 | D:7      | Reached skill level 5 in Shields
  8764 | D:7      | Found a glowing silver altar of Zin.
  8764 | D:7      | Found a shadowy altar of Dithmenos.
  8858 | D:7      | Found a staircase to the Ecumenical Temple.
  8915 | D:7      | HP: 1/79 [electric eel/bolt of electricity (14)]
  9594 | D:8      | Noticed Prince Ribbit
  9596 | D:8      | Noticed a hornet
  9605 | D:8      | Reached skill level 11 in Axes
  9606 | D:8      | Noticed Erica
  9611 | D:8      | Killed a hornet
  9914 | D:7      | HP: 2/81 [Erica/lance of force (18)]
  9922 | D:7      | HP: 4/81 [something (3)]
  9938 | D:7      | Killed Erica
  9938 | D:7      | Reached skill level 12 in Axes
  9938 | D:7      | Reached XP level 10. HP: 8/90 MP: 10/10
 10669 | D:7      | Killed Prince Ribbit
 11864 | D:8      | You fall into a shaft and drop 3 floors!
 12057 | D:11     | Reached skill level 13 in Axes
 12088 | D:11     | Reached **** piety under Beogh
 12109 | D:11     | HP: 3/91 [yak (8)]
 12559 | D:11     | Killed an unseen horror
 13361 | D:11     | Noticed a two-headed ogre
 13371 | D:11     | Killed a two-headed ogre
 13371 | D:11     | Reached skill level 14 in Axes
 13852 | D:12     | Noticed a purple ugly thing
 13968 | D:11     | Killed a purple ugly thing
 13968 | D:11     | Reached skill level 10 in Fighting
 14012 | D:12     | Reached XP level 11. HP: 99/99 MP: 11/11
 14033 | D:10     | Entered Level 10 of the Dungeon
 14161 | D:10     | Killed an unseen horror
 14384 | D:10     | Noticed a two-headed ogre
 14401 | D:10     | Killed a two-headed ogre
 15271 | D:10     | Found a large runed translucent door.
 15311 | D:10     | Found a large runed translucent door.
 15315 | D:10     | Noticed Viwexu's ghost (novice DDFi)
 15533 | D:9      | Killed Viwexu's ghost
 15533 | D:9      | Reached skill level 15 in Axes
 15534 | D:9      | Found a shimmering altar of Xom.
 15813 | D:9      | Found a shattered altar of Ashenzari.
 15851 | D:9      | Found a sparkling altar of Nemelex Xobeh.
 15962 | D:9      | Found a staircase to the Lair.
 15983 | D:9      | HP: 1/101 [gargoyle/stone arrow (11)]
 15985 | D:9      | Killed from afar by a gargoyle

Illustrated notes

Levels and vault maps discovered:
D:1:      dpeg_arrival_morbid_curiosity, layout_basic, patterned_corridor
D:2:      layout_loops_corners, makhleb_heckhound_becter, vehumet_crystals,
          chequers_temple_overflow_minitemple, lemuel_doored_altar,
          chequers_ecumenical_altar_simple_redux
D:3:      layout_basic, marbit_many_paths, wad_orctagon, uniq_jessica,
          uniq_terence
D:4:      layout_cave_pools, serial_shops, shop
D:5:      lemuel_ratsnest, layout_basic, nicolae_tso_carved_into_rock,
          serial_shops, nicolae_shop_behind_doors,
          lightli_ossuary_entry_decrepit_ruins, uniq_eustachio, uniq_ijyb
D:6:      layout_loops_corners, lemuel_round_altar, kennysheep_slug_shrine
D:7:      layout_rooms, gammafunk_temple_overflow_wave, temple_green,
          kennysheep_cross_bottleneck, kennysheep_path_1
D:8:      layout_cave_pools, uniq_prince_ribbit1, uniq_erica
D:9:      layout_loops_ring, nemelex_xobeh_ov_fountains_minmay,
          nicolae_overflow_hidden_temple, ashenzari_altar_1, erik_lair_island,
          orc_david_3
D:10:     layout_stronghold, ebering_ghost_disaster_area
D:11:     minmay_klotski, layout_basic
D:12:     layout_irregular_city

Skill      XL: |  1  2  3  4  5  6  7  8  9 10 11 |
---------------+----------------------------------+-----
Armour         | 1 2 3 4 5 6 8 9 |  9.4
Fighting       | 4 5 6 7 8 10 | 10.9
Stealth        | 2 |  2.0
Axes           | 5 6 7 8 10 12 14 15 | 15.5
Shields        | 1 2 3 4 5 |  5.0
Dodging        | |  2.4

Action                   |  1- 3 |  4- 6 |  7- 9 | 10-12 || total
-------------------------+-------+-------+-------+-------++-------
Melee: Hand axe          |   113 |   209 |   501 |   488 ||  1311
Invok: Convert to Beogh  |       |     1 |       |       ||     1
       Smiting           |       |       |     2 |     9 ||    11
  Use: Scroll            |     4 |     1 |       |    12 ||    17
       Potion            |       |     1 |     6 |     7 ||    14
 Stab: Sleeping          |     7 |     2 |       |       ||     9
       Distracted        |       |       |       |     1 ||     1
       Invisible         |       |       |       |    17 ||    17
Armor: Robe              |    21 |       |       |       ||    21
       Ring mail         |     6 |    45 |       |       ||    51
       Chain mail        |       |    12 |   202 |    44 ||   258
       Plate armour      |       |       |       |   167 ||   167
Dodge: Dodged            |    53 |    86 |   142 |   118 ||   399
Block: Buckler           |       |    29 |    99 |   124 ||   252

Table legend: (Time is in decaauts)
 A = Elapsed time spent in this place.
 B = Non-inter-level travel time spent in this place.
 C = Inter-level travel time spent in this place.
 D = Time resting spent in this place.
 E = Time spent auto-exploring this place.
 F = Levels seen in this place.
 G = Mean time per level.
                   A        B        C        D        E       F      G
               +--------+--------+--------+--------+--------+-----+--------+
         Total |  15723 |  15212 |    511 |   3568 |   9384 |  12 | 1310.2 |
       Dungeon |  15723 |  15212 |    511 |   3568 |   9384 |  12 | 1310.2 |
               +--------+--------+--------+--------+--------+-----+--------+

Top non-repeatable levels by time:
     D:7: 3780 daAuts
    D:11: 2119 daAuts
     D:1: 1816 daAuts
    D:10: 1603 daAuts
     D:5: 1558 daAuts
     D:6: 1302 daAuts
     D:2: 1105 daAuts
     D:3: 1099 daAuts
     D:4: 925 daAuts
     D:8: 211 daAuts
     D:9: 192 daAuts
    D:12: 8 daAuts
